[Event "ICC tourney 2047 (75 10)"]
[Site "Internet Chess Club"]
[Date "2020.10.10"]
[Round "4"]
[White "irisl"]
[Black "importantheart"]
[Result "1-0"]
[ICCResult "Black resigns"]
[WhiteElo "1388"]
[BlackElo "1672"]
[Opening "Evans gambit"]
[ECO "C52"]
[NIC "IG.05"]
[Time "18:33:02"]
[TimeControl "4500+10"]

1. e4 e5 2. Nf3 Nc6 3. Bc4 Bc5 4. b4 Bxb4 5. c3 Ba5 6. d4 exd4 7. O-O h6 8.
Qb3 Qe7 9. Ba3 d6 10. cxd4 Bb6 11. e5 Na5 12. Bb5+ c6 13. Qd3 cxb5 14. Re1
Qd7 15. exd6+ Kd8 16. Ne5 Qe6 17. Nc3 Nc4 18. Nxb5 Nxa3 19. Qxa3 Qf6 20. d7
Ne7 21. dxc8=Q+ Rxc8 22. Nd6 Bxd4 23. Nexf7+ Kd7 24. Rad1 Qxf2+ 25. Kh1 Rc2
26. Qa4+ Nc6 27. Rg1 Rxa2 28. Qb5 Rb2 29. Qd5 Qf4 30. Nc4+ Kc8 31. Nxh8 Re2
32. Ng6 Qg4 33. Rdf1 Qxg6 34. Rf8+ Kc7 35. Rf7+ Ne7 36. Qxd4 Qxf7 37. Qd6+
Kc8 38. Qc5+ Kd8 39. Rd1+ Nd5 40. Rxd5+ {Black resigns} 1-0

[Event "ICC tourney 2047 (75 10)"]
[Site "Internet Chess Club"]
[Date "2020.10.10"]
[Round "4"]
[White "Mozart1"]
[Black "rcww2020"]
[Result "1-0"]
[ICCResult "Black checkmated"]
[WhiteElo "1849"]
[BlackElo "1678"]
[Opening "Sicilian defense"]
[ECO "B44"]
[NIC "SI.39"]
[Time "18:32:13"]
[TimeControl "4500+10"]

1. e4 c5 2. Nf3 e6 3. d4 cxd4 4. Nxd4 Nc6 5. Nxc6 bxc6 6. Bd3 d5 7. O-O Bd6
8. Nd2 Ne7 9. f4 Bb7 10. b3 Ng6 11. e5 Be7 12. Bb2 h5 13. f5 exf5 14. Bxf5
Nh4 15. e6 Bc5+ 16. Kh1 Qg5 17. exf7+ Kf8 18. Bh3 Bc8 19. Qe2 Bxh3 20. gxh3
d4 21. Rae1 Qd5+ 22. Nf3 Kxf7 23. c4 dxc3 24. Rd1 Rhe8 25. Qc2 Bd4 26. Rxd4
Re1 27. Rxe1 Qxf3+ 28. Kg1 Qf6 29. Rf1 Nf3+ 30. Rxf3 Qxf3 31. Rd3 Qf5 32.
Qxc3 Qg6+ 33. Rg3 Qb1+ 34. Kg2 Rg8 35. Qc4+ Ke7 36. Re3+ Kd7 37. Qf7+ Kd6
38. Qe7+ Kd5 39. Qe5# {Black checkmated} 1-0

[Event "ICC tourney 2047 (75 10)"]
[Site "Internet Chess Club"]
[Date "2020.10.10"]
[Round "4"]
[White "joeandjoe56"]
[Black "FL2009"]
[Result "0-1"]
[ICCResult "White resigns"]
[WhiteElo "1756"]
[BlackElo "1857"]
[Opening "Ruy Lopez: Berlin defense, open variation"]
[ECO "C67"]
[NIC "RL.07"]
[Time "18:32:53"]
[TimeControl "4500+10"]

1. e4 e5 2. Nf3 Nc6 3. Bb5 Nf6 4. O-O Nxe4 5. d4 Nd6 6. Bxc6 dxc6 7. dxe5
Nf5 8. Nc3 Bd7 9. Qe2 Bb4 10. Ne4 O-O 11. Bg5 Be7 12. Rad1 Bxg5 13. Nexg5 h6
14. Ne4 Qe8 15. Nc5 Bc8 16. Qd3 Ne7 17. Nd4 a5 18. f4 b6 19. Ne4 c5 20. Nf3
Qc6 21. Ng3 Qe6 22. Qe4 Rb8 23. Nh4 f5 24. exf6 Qxf6 25. f5 Bb7 26. Qc4+ Qf7
27. Qg4 Nd5 28. Rde1 Nf6 29. Qf4 Rfe8 30. Nf3 Rbd8 31. c4 Bxf3 32. Rxe8+
Nxe8 33. Rxf3 Rd4 34. Qe5 Rxc4 35. Ne4 Rc1+ 36. Kf2 Nf6 37. Nxf6+ Qxf6 38.
Qxc7 Rc2+ 39. Kg1 Qd4+ {White resigns} 0-1

[Event "ICC tourney 2047 (75 10)"]
[Site "Internet Chess Club"]
[Date "2020.10.10"]
[Round "4"]
[White "Alexbander"]
[Black "alexsaidfeghhi"]
[Result "0-1"]
[ICCResult "White checkmated"]
[WhiteElo "1712"]
[BlackElo "1881"]
[Opening "English: Sicilian reversed"]
[ECO "A25"]
[NIC "EO.20"]
[Time "18:32:16"]
[TimeControl "4500+10"]

1. c4 e5 2. Nc3 Nc6 3. g3 f5 4. Bg2 Nf6 5. e3 e4 6. Nge2 Ne5 7. O-O Nxc4 8.
Qa4 Ne5 9. Nd4 c6 10. Nxf5 d5 11. Nd4 Bc5 12. Nce2 O-O 13. Qc2 Bb6 14. b4
Nd3 15. Ba3 Qe7 16. Qc3 Ng4 17. f4 exf3 18. Rxf3 Rxf3 19. Bxf3 Nde5 20. b5
Nxf3+ 21. Nxf3 Qe4 22. Rf1 Bd7 23. bxc6 bxc6 24. Qb4 Nxe3 25. dxe3 Qxe3+ 26.
Kh1 Qxe2 27. Nd2 h6 28. Qf4 Bh3 29. Qf3 Bxf1 30. Qxe2 Bxe2 31. Kg2 Rf8 32.
Bxf8 Kxf8 33. Kh3 d4 34. g4 d3 35. Kg3 Ba5 36. Ne4 Be1+ 37. Kf4 d2 38. Nxd2
Bxd2+ 39. Ke5 c5 40. Kd5 Be3 41. Ke5 c4 42. Ke4 Bf2 43. Kf4 c3 44. Ke4 c2
45. Kf5 c1=Q 46. Ke4 Qc4+ 47. Ke5 Qd4+ 48. Ke6 Bc4+ 49. Kf5 Kf7 50. h3 Bd3#
{White checkmated}
0-1

[Event "ICC tourney 2047 (75 10)"]
[Site "Internet Chess Club"]
[Date "2020.10.10"]
[Round "4"]
[White "angelpawn"]
[Black "atevifred"]
[Result "0-1"]
[ICCResult "White resigns"]
[WhiteElo "1605"]
[BlackElo "1899"]
[Opening "QGD semi-Slav: 5...Nd7"]
[ECO "D45"]
[NIC "SL.08"]
[Time "18:33:02"]
[TimeControl "4500+10"]

1. d4 d5 2. c4 c6 3. Nc3 Nf6 4. Nf3 e6 5. e3 Nbd7 6. Be2 Bb4 7. O-O O-O 8.
a3 Bxc3 9. bxc3 Ne4 10. Qc2 Qc7 11. cxd5 cxd5 12. c4 b6 13. Bb2 Bb7 14. Rac1
Rac8 15. Qa4 Bc6 16. Qb3 Qb7 17. c5 bxc5 18. Qxb7 Bxb7 19. dxc5 Ndxc5 20.
Nd4 Nd2 21. Rfd1 Ndb3 22. Rb1 Nxd4 23. Bxd4 Ba8 24. Rdc1 Ne4 25. Rxc8 Rxc8
26. Bxa7 Nc3 27. Ba6 Nxb1 28. Bxc8 Nxa3 29. Bd7 Bb7 30. h4 Ba6 31. Ba4 Nc4
32. g3 f6 33. Kg2 Kf7 34. g4 Bb7 35. Kg3 e5 36. Bc2 g6 37. h5 Bc6 38. hxg6+
hxg6 39. Bd3 Bb5 40. Bc2 Na3 41. Bd1 Bc4 42. Bf3 Nb5 43. Bb6 Nc3 44. Kg2 e4
45. Kg3 exf3 46. Kxf3 Be2+ 47. Kg3 Ne4+ 48. Kg2 Ng5 49. Kg3 Ke6 50. f4 Ne4+
51. Kh4 Nf2 52. g5 f5 53. Kg3 Ne4+ 54. Kg2 Kd6 55. Bd4 Kc6 56. Ba7 Kb5 57.
Bd4 Kc4 58. Ba7 Kd3 59. Bd4 Nd2 60. Kf2 Bg4 61. Ba7 Nf3 62. Bb6 d4 63. exd4
Nxd4 64. Kg3 Ne2+ 65. Kf2 Ke4 66. Bd8 Nxf4 67. Be7 Ne6 68. Kg3 Bh5 69. Bf6
f4+ 70. Kf2 Kf5 71. Be7 Nxg5 72. Bd8 Ne4+ 73. Kg1 Kg4 {White resigns} 0-1

[Event "ICC tourney 2047 (75 10)"]
[Site "Internet Chess Club"]
[Date "2020.10.10"]
[Round "4"]
[White "coolhappyfish"]
[Black "Theutltl"]
[Result "1-0"]
[ICCResult "Black resigns"]
[WhiteElo "1619"]
[BlackElo "1276"]
[Opening "King's Indian: Sämisch, 5...O-O"]
[ECO "E81"]
[NIC "KI.51"]
[Time "18:32:19"]
[TimeControl "4500+10"]

1. d4 Nf6 2. c4 g6 3. f3 d6 4. e4 Bg7 5. Nc3 O-O 6. Bg5 Nbd7 7. Nh3 e5 8. d5
b6 9. Qd2 Nc5 10. Nf2 Qe8 11. Be2 a6 12. g4 Nfd7 13. O-O-O f6 14. Be3 a5 15.
h4 a4 16. h5 g5 17. h6 Bh8 18. Rh5 Qe7 19. Nh1 Nb8 20. Ng3 Kf7 21. Nf5 Bxf5
22. gxf5 Rg8 23. Rg1 Nbd7 24. Bd3 Nxd3+ 25. Qxd3 Nc5 26. Bxc5 bxc5 27. Qd1
Qd7 28. Nb5 Ra6 29. Rh2 Rc8 30. Re1 Ke7 31. Re3 Kd8 32. Ra3 Rca8 33. b3 Qe8
34. Rxa4 Kd7 35. Rxa6 Rxa6 36. Kb2 Qa8 37. Qa1 Ra5 38. a4 Qa6 39. Nc3 Qb6
40. Qa3 Kc8 41. Nd1 Kb7 42. Ne3 Kc8 43. Nc2 Kd7 44. Rh1 Kd8 45. Ra1 Kc8 46.
b4 Ra7 47. a5 Qb7 48. Kc3 cxb4+ 49. Qxb4 Qa6 50. Qb5 Qxb5 51. cxb5 Kb7 52.
Nb4 Ra8 53. Nc6 Rg8 54. Rg1 Re8 55. Kb4 Ka8 56. b6 Kb7 57. Kb5 cxb6 58. axb6
Ra8 59. Na5+ Kb8 60. b7 Rxa5+ 61. Kxa5 Kxb7 62. Rc1 Kb8 63. Kb6 {Black
resigns} 1-0

[Event "ICC tourney 2047 (75 10)"]
[Site "Internet Chess Club"]
[Date "2020.10.10"]
[Round "4"]
[White "gardemarin13"]
[Black "StevChess01"]
[Result "1-0"]
[ICCResult "Black resigns"]
[WhiteElo "1896"]
[BlackElo "1722"]
[Opening "Sicilian: Grand Prix attack"]
[ECO "B23"]
[NIC "SI.44"]
[Time "18:32:18"]
[TimeControl "4500+10"]

1. e4 c5 2. Nc3 Nc6 3. f4 e6 4. Nf3 a6 5. d4 cxd4 6. Nxd4 Qb6 7. Nb3 d6 8.
Qf3 Nb4 9. Bd3 Nxd3+ 10. cxd3 Nf6 11. Be3 Qc7 12. Rc1 Qd8 13. Na4 Nd7 14.
O-O b5 15. Nc3 Bb7 16. Qg3 h5 17. f5 exf5 18. Rxf5 g6 19. Bd4 Rh7 20. Rf3 h4
21. Qf2 Bg7 22. Rf1 Bxd4 23. Qxd4 Qb6 24. Qxb6 Nxb6 25. Rf6 b4 26. Ne2 Rd8
27. Na5 Ba8 28. b3 Ke7 29. Nd4 Rd7 30. Ndc6+ Bxc6 31. Nxc6+ Ke8 32. Nxb4 a5
33. Nc6 a4 34. b4 Nc8 35. Kf2 Rh5 36. Ke3 Rc7 37. Na5 Rh7 38. Nc4 Ke7 39.
Kd4 a3 40. Ne3 Ke8 41. Nd5 Rc2 42. R1f2 Rc1 43. Rf1 Rxf1 44. Rxf1 Kd8 45.
Rf6 Kd7 46. Rf2 Kd8 47. Rc2 f5 48. Rc3 Ra7 49. Rb3 fxe4 50. dxe4 Kd7 51. Nc3
Ke6 52. Nb5 Rb7 53. Nxa3 Nb6 54. Nc4 Nxc4 55. Kxc4 Ke5 56. Kd3 Rf7 57. Rb2
h3 58. g3 Rf3+ 59. Ke2 Ra3 60. b5 Kxe4 61. b6 Ra8 62. b7 Rb8 63. a4 Kd5 64.
a5 Kc6 65. a6 Kc7 66. Kd3 Kc6 67. Kd4 d5 68. a7 Rxb7 69. a8=Q {Black
resigns} 1-0

[Event "ICC tourney 2047 (75 10)"]
[Site "Internet Chess Club"]
[Date "2020.10.11"]
[Round "5"]
[White "CRonaldo"]
[Black "Cgchess"]
[Result "1-0"]
[ICCResult "Black checkmated"]
[WhiteElo "1645"]
[BlackElo "1315"]
[Opening "French: Steinitz variation"]
[ECO "C11"]
[NIC "FR.04"]
[Time "11:04:21"]
[TimeControl "4500+10"]

1. e4 e6 2. d4 d5 3. Nc3 Nf6 4. e5 Nfd7 5. f4 c5 6. Nf3 Qb6 7. Rb1 cxd4 8.
Nxd4 Bc5 9. Be3 Nc6 10. Na4 Qa5+ 11. c3 Bxd4 12. Bxd4 Nxd4 13. Qxd4 O-O 14.
Bd3 b5 15. Nc5 Nxc5 16. Qxc5 Ba6 17. O-O Rfc8 18. Qf2 Rc6 19. Qf3 Qxa2 20.
f5 Qa5 21. fxe6 Qb6+ 22. Kh1 Rxe6 23. Qxf7+ Kh8 24. Qf8+ Rxf8 25. Rxf8#
{Black checkmated}
1-0

[Event "ICC tourney 2047 (75 10)"]
[Site "Internet Chess Club"]
[Date "2020.10.11"]
[Round "5"]
[White "madrigal"]
[Black "subielife"]
[Result "1-0"]
[ICCResult "Black resigns"]
[WhiteElo "1598"]
[BlackElo "1489"]
[Opening "English opening"]
[ECO "A10"]
[NIC "EO.64"]
[Time "11:04:18"]
[TimeControl "4500+10"]

1. c4 h6 2. Nf3 c5 3. d4 g5 4. h3 Bg7 5. e3 Nf6 6. Nc3 O-O 7. a3 d6 8. Be2
Bf5 9. Bd3 Qc8 10. O-O Bxh3 11. gxh3 Qxh3 12. Nh2 g4 13. Ne4 Nbd7 14. Ng3 h5
15. Re1 Nh7 16. Nf5 g3 17. Nxg3 Ndf6 18. Bf5 Qh4 19. Nf3 Qxg3+ 20. fxg3 Kh8
21. Bxh7 Kxh7 22. Qd3+ Kh8 {Black resigns} 1-0

[Event "ICC tourney 2047 (75 10)"]
[Site "Internet Chess Club"]
[Date "2020.10.11"]
[Round "5"]
[White "M6northrup"]
[Black "davidtxie"]
[Result "0-1"]
[ICCResult "White resigns"]
[WhiteElo "1632"]
[BlackElo "1654"]
[Opening "French: Winawer, Alekhine gambit"]
[ECO "C15"]
[NIC "FR.08"]
[Time "11:04:17"]
[TimeControl "4500+10"]

1. e4 e6 2. d4 d5 3. Nc3 Bb4 4. Ne2 dxe4 5. a3 Bxc3+ 6. Nxc3 Nf6 7. Bg5 Nc6
8. Nxe4 Qxd4 9. Qxd4 Nxd4 10. Nxf6+ gxf6 11. Bxf6 Nxc2+ 12. Kd2 Nxa1 13.
Bxh8 Nb3+ 14. Kc2 Nc5 15. f3 b6 16. Bf6 Ba6 17. Bxa6 Nxa6 18. Rd1 Nc5 19. b4
Nd7 20. Bh4 f6 21. Bg3 Rc8 22. Kb3 e5 23. Rc1 c5 24. Bf2 Ke7 25. bxc5 Nxc5+
26. Bxc5+ Rxc5 27. Rxc5 bxc5 28. Kc4 Kd6 29. a4 a6 30. g4 h6 31. h3 Kc6 32.
h4 Kd6 33. Kd3 Kd5 34. Kc3 a5 35. Kd3 c4+ 36. Kc3 Kc5 37. h5 Kd5 38. Kd2 Kd4
39. Kc2 {White resigns} 0-1

[Event "ICC tourney 2047 (75 10)"]
[Site "Internet Chess Club"]
[Date "2020.10.11"]
[Round "5"]
[White "rcww2020"]
[Black "TheSuperKing"]
[Result "0-1"]
[ICCResult "White checkmated"]
[WhiteElo "1679"]
[BlackElo "1734"]
[Opening "Danish gambit: Sorensen defense"]
[ECO "C21"]
[NIC "KP.04"]
[Time "11:04:20"]
[TimeControl "4500+10"]

1. e4 e5 2. d4 exd4 3. c3 d5 4. exd5 Qxd5 5. cxd4 Bb4+ 6. Nc3 Nf6 7. Qa4+
Nc6 8. Bb5 Bxc3+ 9. bxc3 Qxg2 10. d5 Qxh1 11. Bxc6+ Nd7 12. Kf1 bxc6 13.
Qxc6 O-O 14. Bf4 Nb6 15. f3 Bh3+ 16. Kf2 Qg2+ 17. Ke3 Rae8+ 18. Kd4 Qf2+ 19.
Kd3 Bf5# {White checkmated} 0-1

[Event "ICC tourney 2047 (75 10)"]
[Site "Internet Chess Club"]
[Date "2020.10.11"]
[Round "5"]
[White "Theutltl"]
[Black "chessmaster0981"]
[Result "1/2-1/2"]
[ICCResult "Game drawn by mutual agreement"]
[WhiteElo "1292"]
[BlackElo "1625"]
[Opening "French: exchange variation"]
[ECO "C01"]
[NIC "FR.01"]
[Time "11:04:27"]
[TimeControl "4500+10"]

1. e4 e6 2. d4 d5 3. exd5 exd5 4. Nf3 Nf6 5. Bd3 Bd6 6. O-O O-O 7. Nbd2 Bg4
8. Re1 Nbd7 9. Nf1 c6 10. c3 Qc7 11. h3 Bh5 12. Bg5 Rfe8 13. Rxe8+ Rxe8 14.
Bh4 Ne4 15. g4 Bg6 16. Kg2 Ndf6 17. Ng3 Nxg3 18. Bxg3 Bxd3 19. Bxd6 Qxd6 20.
Qxd3 Re7 {Game drawn by mutual agreement} 1/2-1/2

[Event "ICC tourney 2047 (75 10)"]
[Site "Internet Chess Club"]
[Date "2020.10.11"]
[Round "5"]
[White "fasteagle1"]
[Black "AkshatSuresh"]
[Result "1-0"]
[ICCResult "Black resigns"]
[WhiteElo "1767"]
[BlackElo "1569"]
[Opening "QGD"]
[ECO "E10"]
[NIC "QI.01"]
[Time "11:05:06"]
[TimeControl "4500+10"]

1. d4 Nf6 2. c4 e6 3. Nf3 d5 4. Bg5 Nbd7 5. Nc3 Bb4 6. cxd5 exd5 7. e3 O-O
8. Bd3 h6 9. Bh4 b6 10. O-O Bb7 11. Ne5 Be7 12. Nxd7 c6 13. Nxf8 Bxf8 14.
Qf3 Be7 15. Qe2 a6 16. Rfc1 b5 17. a3 g5 18. Bg3 h5 19. Be5 h4 20. h3 Kf8
21. Na2 Rc8 22. b4 Ke8 23. Bf5 Ra8 24. Rab1 Qb6 25. Qf3 Qd8 26. a4 Ra7 27.
axb5 axb5 28. Nc3 Ba6 29. Ne2 Ra8 30. Rxc6 Bb7 31. Bc7 {Black resigns} 1-0

[Event "ICC tourney 2047 (75 10)"]
[Site "Internet Chess Club"]
[Date "2020.10.11"]
[Round "5"]
[White "betterone76"]
[Black "SK-2005"]
[Result "0-1"]
[ICCResult "White checkmated"]
[WhiteElo "1835"]
[BlackElo "1758"]
[Opening "King's Indian: 5.Nf3"]
[ECO "E90"]
[NIC "KI.20"]
[Time "11:04:28"]
[TimeControl "4500+10"]

1. d4 Nf6 2. c4 g6 3. Nc3 Bg7 4. e4 d6 5. Nf3 O-O 6. h3 e5 7. d5 Nbd7 8. g4
a5 9. Be3 Nc5 10. Qc2 c6 11. O-O-O cxd5 12. Bxc5 dxc5 13. g5 Nh5 14. Nxd5
Bd7 15. Qb3 a4 16. Qa3 Nf4 17. h4 Nxd5 18. Rxd5 Qe8 19. Qxc5 Rc8 20. Qe3 b5
21. c5 Qe7 22. Kb1 Be6 23. Rd6 Qc7 24. Qc3 Qxc5 25. Qxc5 Rxc5 26. Rb6 Rfc8
27. Bxb5 a3 28. Bd3 axb2 29. Kxb2 Bf8 30. Ra1 Rc3 31. Ne1 Ba3+ 32. Kb1 Rc1#
{White checkmated}
0-1

[Event "ICC tourney 2047 (75 10)"]
[Site "Internet Chess Club"]
[Date "2020.10.11"]
[Round "5"]
[White "TheDude865"]
[Black "angelpawn"]
[Result "1-0"]
[ICCResult "Black checkmated"]
[WhiteElo "1343"]
[BlackElo "1575"]
[Opening "Sicilian: dragon, Yugoslav attack, 9.Bc4"]
[ECO "B77"]
[NIC "SI.18"]
[Time "11:04:20"]
[TimeControl "4500+10"]

1. e4 c5 2. Nf3 d6 3. d4 cxd4 4. Nxd4 Nf6 5. Nc3 g6 6. Be3 Bg7 7. f3 O-O 8.
Qd2 Nc6 9. Bc4 a6 10. Bb3 Na5 11. O-O-O Nxb3+ 12. Nxb3 b5 13. a3 Bb7 14. g4
Rc8 15. Kb1 Qc7 16. h4 Nd7 17. Bd4 Ne5 18. Qf2 Nc4 19. Bxg7 Kxg7 20. Nd5
Bxd5 21. Rxd5 e6 22. Rdd1 Rfd8 23. h5 g5 24. h6+ Kg8 25. Rh5 f6 26. Nd4 Re8
27. f4 e5 28. fxe5 Rxe5 29. Qxf6 Qd8 30. Qg7# {Black checkmated} 1-0

[Event "ICC tourney 2047 (75 10)"]
[Site "Internet Chess Club"]
[Date "2020.10.11"]
[Round "5"]
[White "FlowingMelody"]
[Black "GalaxyToast"]
[Result "0-1"]
[ICCResult "White checkmated"]
[WhiteElo "1323"]
[BlackElo "1449"]
[Opening "Sicilian: Kan, Maróczy bind (Réti variation)"]
[ECO "B41"]
[NIC "SI.41"]
[Time "11:04:20"]
[TimeControl "4500+10"]

1. e4 c5 2. Nf3 e6 3. d4 cxd4 4. Nxd4 a6 5. c4 Nf6 6. Bd3 Nc6 7. Nxc6 dxc6
8. O-O Qc7 9. Nc3 Bd6 10. h3 h5 11. Bg5 Ng4 12. Be2 Bh2+ 13. Kh1 Bd6 14. Qd2
f6 15. Be3 Be5 16. Rad1 Bxc3 17. Qxc3 Qh2# {White checkmated} 0-1

[Event "ICC tourney 2047 (75 10)"]
[Site "Internet Chess Club"]
[Date "2020.10.11"]
[Round "5"]
[White "wulovechess"]
[Black "avats"]
[Result "0-1"]
[ICCResult "White resigns"]
[WhiteElo "1387"]
[BlackElo "1609"]
[Opening "French: advance, Milner-Barry gambit"]
[ECO "C02"]
[NIC "FR.03"]
[Time "11:04:36"]
[TimeControl "4500+10"]

1. e4 e6 2. d4 d5 3. e5 c5 4. c3 Nc6 5. Nf3 Qb6 6. Bd3 Bd7 7. O-O cxd4 8.
cxd4 Nge7 9. Be3 Ng6 10. Nc3 Be7 11. Rc1 O-O 12. Na4 Qc7 13. Nc5 Bxc5 14.
Rxc5 Rfc8 15. Ng5 Be8 16. Qg4 Nf8 17. Qh4 h6 18. Nh3 Qd8 19. Qg3 Kh8 20. Nf4
Ne7 21. Nh5 Neg6 22. Rfc1 Rxc5 23. Rxc5 Rc8 24. Bxh6 gxh6 25. Qe3 Kh7 26.
Nf6+ Kg7 27. Ng4 Qh4 28. Rxc8 Bd7 29. Rxf8 Nxf8 30. Nf6 Bc6 31. Bf1 Nd7 32.
g3 Qg5 33. Ne8+ Kf8 34. f4 Qe7 35. Nd6 Kg7 36. f5 Qg5 37. f6+ Kf8 38. Qxg5
hxg5 39. Kg2 Nb6 40. Kf3 Nc4 41. Bxc4 dxc4+ 42. Kg4 b5 43. Kxg5 a6 44. h4
Bd5 45. h5 b4 46. h6 Kg8 47. Nxf7 c3 48. Nd6 c2 49. f7+ Kf8 50. h7 c1=Q+ 51.
Kg4 Qh1 52. h8=Q+ Qxh8 {White resigns} 0-1

[Event "ICC tourney 2047 (75 10)"]
[Site "Internet Chess Club"]
[Date "2020.10.11"]
[Round "5"]
[White "wahoo"]
[Black "mancogu"]
[Result "1-0"]
[ICCResult "Black checkmated"]
[WhiteElo "1773"]
[BlackElo "1566"]
[Opening "Sicilian: Najdorf"]
[ECO "B90"]
[NIC "SI.14"]
[Time "11:04:29"]
[TimeControl "4500+10"]

1. e4 c5 2. Nf3 d6 3. d4 cxd4 4. Nxd4 a6 5. Nc3 Nf6 6. f3 e6 7. Be3 Qc7 8.
Qd2 Bd7 9. O-O-O Nc6 10. g4 h6 11. h4 b5 12. Bg2 Nxd4 13. Bxd4 O-O-O 14.
Rhe1 e5 15. Be3 Bc6 16. g5 hxg5 17. hxg5 Nd7 18. Nd5 Bxd5 19. Qxd5 Nc5 20.
Qa8+ Kd7 21. Qd5 Ne6 22. Qxe5 Rc8 23. Re2 Qc4 24. Red2 Qxa2 25. Rxd6+ Bxd6
26. Qxd6+ Ke8 27. Qd7+ Kf8 28. Qxc8+ Ke7 29. Bc5+ Nxc5 30. Qxc5+ Ke6 31.
Qc6+ Ke7 32. Qd7+ Kf8 33. Qd8# {Black checkmated} 1-0

[Event "ICC tourney 2047 (75 10)"]
[Site "Internet Chess Club"]
[Date "2020.10.11"]
[Round "5"]
[White "alexsaidfeghhi"]
[Black "nikhilthota"]
[Result "1/2-1/2"]
[ICCResult "Game drawn by mutual agreement"]
[WhiteElo "1866"]
[BlackElo "1760"]
[Opening "Scotch: Mieses variation"]
[ECO "C45"]
[NIC "SO.04"]
[Time "11:04:20"]
[TimeControl "4500+10"]

1. e4 e5 2. Nf3 Nc6 3. d4 exd4 4. Nxd4 Nf6 5. Nxc6 bxc6 6. e5 Qe7 7. Qe2 Nd5
8. c4 Nb6 9. Qe4 d5 10. cxd5 cxd5 11. Bb5+ Bd7 12. Bxd7+ Qxd7 13. Qe2 Bb4+
14. Bd2 Bxd2+ 15. Nxd2 O-O 16. O-O Qe7 17. f4 d4 18. f5 Nd5 19. f6 Nxf6 20.
Rae1 Nd5 21. Qe4 Ne3 22. Rf4 Qg5 23. Re2 c5 24. Nf3 Qg6
{Game drawn by mutual agreement}
1/2-1/2

[Event "ICC tourney 2047 (75 10)"]
[Site "Internet Chess Club"]
[Date "2020.10.11"]
[Round "5"]
[White "atevifred"]
[Black "Michaelpu"]
[Result "1-0"]
[ICCResult "Black resigns"]
[WhiteElo "1900"]
[BlackElo "1616"]
[Opening "Benkö gambit half accepted"]
[ECO "A57"]
[NIC "BI.45"]
[Time "11:04:23"]
[TimeControl "4500+10"]

1. d4 Nf6 2. c4 c5 3. d5 b5 4. cxb5 a6 5. b6 d6 6. Nc3 Nbd7 7. e4 Nxb6 8.
Nf3 g6 9. Be2 Bg7 10. O-O O-O 11. h3 Nfd7 12. Be3 Ne5 13. Nxe5 Bxe5 14. f4
Bg7 15. f5 Nd7 16. Qd2 Ne5 17. Bh6 Re8 18. Bxg7 Kxg7 19. Rf2 Bb7 20. Raf1
Nd7 21. fxg6 Nf6 22. gxf7 Kxf7 23. Qh6 Kg8 24. Rf5 Kh8 25. Bd3 Rg8 26. e5
dxe5 27. Rxf6 Rg7 28. Rf7 Qg8 29. Rxg7 Qxg7 30. Qxg7+ Kxg7 31. Rf5 Rd8 32.
Rxe5 Rd7 33. Rh5 Kf8 34. Bf5 Rd6 35. Be6 Kg7 36. Rf5 Kg6 37. g4 Rb6 38. Rf2
Rb4 39. Kh2 a5 40. a3 Rb3 41. d6 Rb6 42. Bf5+ Kg7 43. d7 Rd6 44. Nb5 Rd5 45.
Be6 Rd3 46. Na7 Rd1 47. Kg3 Rd3+ 48. Kh4 a4 49. Rf7+ Kh6 50. Rxh7+ Kxh7 51.
Bf5+ Kg7 52. Bxd3 {Black resigns} 1-0

[Event "ICC tourney 2047 (75 10)"]
[Site "Internet Chess Club"]
[Date "2020.10.11"]
[Round "5"]
[White "cdj12417489"]
[Black "Knightboy123"]
[Result "0-1"]
[ICCResult "White resigns"]
[WhiteElo "1291"]
[BlackElo "1651"]
[Opening "Sicilian: closed"]
[ECO "B23"]
[NIC "SI.44"]
[Time "11:04:29"]
[TimeControl "4500+10"]

1. e4 c5 2. Nc3 e6 3. f4 Nc6 4. Nf3 d6 5. Bb5 Bd7 6. Bxc6 Bxc6 7. d3 Nf6 8.
O-O Be7 9. Qe1 O-O 10. h3 Rc8 11. g4 a6 12. f5 exf5 13. gxf5 Nd7 14. Qg3 Ne5
15. Nh2 Kh8 16. Nf3 Nxf3+ 17. Rxf3 d5 18. e5 d4 19. f6 gxf6 20. Qf2 Bxf3 21.
Qxf3 dxc3 22. bxc3 fxe5 23. Kh1 Qd6 24. Bb2 Qc6 25. Qe4 Qxe4+ 26. dxe4 c4
27. Kg2 Rg8+ 28. Kf3 Rc6 29. Rf1 Rf6+ 30. Ke2 Rg2+ 31. Ke1 Rxf1+ 32. Kxf1
Rxc2 {White resigns} 0-1

[Event "ICC tourney 2047 (75 10)"]
[Site "Internet Chess Club"]
[Date "2020.10.11"]
[Round "5"]
[White "kirikiri007"]
[Black "Florina12345"]
[Result "1-0"]
[ICCResult "Black resigns"]
[WhiteElo "1582"]
[BlackElo "1330"]
[Opening "Giuoco Piano"]
[ECO "C54"]
[NIC "IG.02"]
[Time "11:04:19"]
[TimeControl "4500+10"]

1. e4 e5 2. Nf3 Nc6 3. Bc4 Bc5 4. c3 Nf6 5. d4 exd4 6. cxd4 Bb4+ 7. Bd2
Bxd2+ 8. Nbxd2 d5 9. exd5 Nxd5 10. O-O Be6 11. Rc1 O-O 12. Re1 Qf6 13. Ne4
Qg6 14. Ng3 Rad8 15. Ne5 Nxe5 16. Rxe5 Rd7 17. Qb3 c6 18. Rce1 Re8 19. Bxd5
cxd5 20. Qa4 Kf8 21. Qxa7 Rde7 22. Qa3 Qf6 23. Nh5 Qh4 24. g3 Qxd4 25. Nf4
Kg8 26. Nxd5 Rd7 27. Nf4 Rd6 28. Nxe6 Rdxe6 29. Rxe6 fxe6 30. Qb3 Qd7 31.
Kg2 Re7 32. f4 Kf7 33. f5 Qd2+ 34. Kf1 Kg8 35. Rxe6 Kf8 36. Rxe7 Kxe7 37.
Qxb7+ Kf6 38. Qb6+ Kg5 39. Qf2 Qd1+ 40. Qe1 Qd3+ 41. Kg1 Qxf5 42. Qe3+ Kg6
43. Qe8+ Kh6 44. Qc6+ Kh5 45. Kg2 Qe5 46. Qf3+ Kg6 47. Qg4+ Kf6 48. Qf4+
Qxf4 49. gxf4 Kf5 50. Kf3 {Black resigns} 1-0

[Event "ICC tourney 2047 (75 10)"]
[Site "Internet Chess Club"]
[Date "2020.10.11"]
[Round "5"]
[White "Han366"]
[Black "Chess121"]
[Result "1/2-1/2"]
[ICCResult "Game drawn by mutual agreement"]
[WhiteElo "1697"]
[BlackElo "1439"]
[Opening "QGD: exchange, positional line"]
[ECO "D35"]
[NIC "QO.16"]
[Time "11:04:23"]
[TimeControl "4500+10"]

1. d4 d5 2. c4 e6 3. Nc3 Nf6 4. cxd5 exd5 5. Bg5 Be7 6. e3 Bf5 7. Qb3 b6 8.
Bxf6 Bxf6 9. Qxd5 Qxd5 10. Nxd5 Bd8 11. Rc1 c6 12. Nc3 O-O 13. Nf3 Be7 14.
Bc4 b5 15. Bb3 Nd7 16. O-O Bg4 17. Ne4 Bxf3 18. gxf3 Rac8 19. Rfd1 h6 20.
Rd2 c5 21. dxc5 Nxc5 22. Nxc5 Rxc5 23. Rxc5 Bxc5 24. Rd5 Rc8 25. Rd7 Rf8 26.
Kf1 b4 27. Ke2 a5 28. Kd3 Bb6 29. Kc4 Rd8 30. Rb7 Rc8+ 31. Kb5 Bc7 32. h3
Kf8 33. f4 f6 34. Kc6 Bb8+ 35. Kd7 Re8 36. f5 Re7+ 37. Kc6 Rxb7 38. Kxb7 Be5
39. Ka6 Bxb2 40. Kxa5 Bc3 41. Kb5 Ke7 42. Kc5 Be1 43. f3 Bd2 44. e4 Bc3 45.
Be6 Bd2 46. Kc6 Bc3 {Game drawn by mutual agreement} 1/2-1/2